[Event "FICS rated blitz game"]
[Site "FICS freechess.org"]
[FICSGamesDBGameNo "20001511"]
[White "faris"]
[Black "KingPins"]
[WhiteElo "1509"]
[BlackElo "1607"]
[WhiteRD "na"]
[BlackRD "na"]
[TimeControl "120+12"]
[Date "1999.08.30"]
[Time "00:54:00"]
[WhiteClock "0:02:00.000"]
[BlackClock "0:02:00.000"]
[ECO "D10"]
[PlyCount "75"]
[Result "1-0"]

1. d4 d5 2. c4 c6 3. Nc3 dxc4 4. a4 Bd7 5. e3 b5 6. axb5 cxb5 7. b3 b4 8. Nd5 e6 9. Nf4 c3 10. Bc4 Nf6 11. Nge2 Nc6 12. O-O Bd6 13. Nd3 Qc7 14. f3 Bxh2+ 15. Kh1 Bd6 16. e4 Be7 17. Bf4 Qb7 18. d5 Nb8 19. d6 Bd8 20. Nc5 Qc6 21. Be3 Bb6 22. Nxd7 Nbxd7 23. Bxb6 Nxb6 24. Nd4 Qc5 25. Bb5+ Nfd7 26. Ra5 Qh5+ 27. Kg1 Qh6 28. Nc6 O-O 29. Nxb4 Qe3+ 30. Rf2 f5 31. Nc2 Qc5 32. b4 Qc8 33. exf5 Rxf5 34. Nd4 Rd5 35. Qd3 Rxd6 36. Qe4 Nf6 37. Qf4 Nbd5 38. Qxd6 {Black forfeits on time} 1-0

[Event "FICS rated blitz game"]
[Site "FICS freechess.org"]
[FICSGamesDBGameNo "20001510"]
[White "DrChessMan"]
[Black "tonyh"]
[WhiteElo "1371"]
[BlackElo "1383"]
[WhiteRD "na"]
[BlackRD "na"]
[TimeControl "120+12"]
[Date "1999.08.30"]
[Time "00:25:00"]
[WhiteClock "0:02:00.000"]
[BlackClock "0:02:00.000"]
[ECO "C10"]
[PlyCount "58"]
[Result "0-1"]

1. e4 e6 2. d4 d5 3. Nd2 dxe4 4. Nxe4 Bd7 5. Nf3 Bc6 6. Qd3 Nd7 7. c4 Ngf6 8. Bg5 h6 9. Bxf6 Nxf6 10. Nxf6+ Qxf6 11. Ne5 Bb4+ 12. Ke2 O-O 13. Nxc6 bxc6 14. a3 Be7 15. g3 Rfd8 16. Rd1 Rab8 17. Rd2 c5 18. d5 Rxb2 19. Bg2 Qe5+ 20. Be4 Rdb8 21. f4 Rxd2+ 22. Kxd2 Qb2+ 23. Ke3 Rb3 24. Rb1 Rxd3+ 25. Bxd3 Qd4+ 26. Kd2 exd5 27. Rb8+ Bf8 28. cxd5 c4 29. Rb4 Qxd3+ {White resigns} 0-1

[Event "FICS rated lightning game"]
[Site "FICS freechess.org"]
[FICSGamesDBGameNo "20001509"]
[White "ricoTAL"]
[Black "brews"]
[WhiteElo "1637"]
[BlackElo "1619"]
[WhiteRD "na"]
[BlackRD "na"]
[TimeControl "120+0"]
[Date "1999.08.29"]
[Time "22:53:00"]
[WhiteClock "0:02:00.000"]
[BlackClock "0:02:00.000"]
[ECO "C35"]
[PlyCount "62"]
[Result "1-0"]

1. e4 e5 2. f4 exf4 3. Nf3 Be7 4. Bc4 Bh4+ 5. Nxh4 Qxh4+ 6. Kf1 Nf6 7. d3 Ng4 8. Qe1 Nxh2+ 9. Ke2 Qg4+ 10. Kd2 Qg3 11. Qxg3 fxg3 12. Ke2 O-O 13. Bf4 c6 14. Bxg3 Ng4 15. d4 b5 16. Bd3 d5 17. e5 f5 18. exf6 Nxf6 19. Be5 h6 20. Nd2 Nbd7 21. Nf3 Nxe5 22. Nxe5 Ne4 23. Bxe4 dxe4 24. Raf1 Ba6 25. Ke3 c5 26. dxc5 Rae8 27. Nd7 Rf7 28. c6 b4 29. Rxf7 Kxf7 30. Nc5 Bb5 31. c7 Rc8 {Black resigns} 1-0

[Event "FICS rated standard game"]
[Site "FICS freechess.org"]
[FICSGamesDBGameNo "20001508"]
[White "Zahlman"]
[Black "numeroprimo"]
[WhiteElo "1432"]
[BlackElo "1464"]
[WhiteRD "na"]
[BlackRD "na"]
[TimeControl "900+0"]
[Date "1999.08.29"]
[Time "15:36:00"]
[WhiteClock "0:15:00.000"]
[BlackClock "0:15:00.000"]
[ECO "C20"]
[PlyCount "78"]
[Result "0-1"]

1. e4 e5 2. g4 Nc6 3. Nc3 Bc5 4. Nf3 d6 5. h3 b6 6. Bc4 h6 7. d3 g5 8. a3 Bd4 9. Nd5 Nge7 10. Nf6+ Kf8 11. c3 Bxf2+ 12. Kxf2 Ng6 13. Bxg5 hxg5 14. Nxg5 Qxf6+ 15. Nf3 Nh4 16. Bd5 Bb7 17. Qe2 Nxf3 18. Qxf3 Qxf3+ 19. Kxf3 Rb8 20. Raf1 Ne7 21. c4 Bxd5 22. exd5 Ng6 23. Ke3 Nf4 24. d4 Rxh3+ 25. Ke4 Rxh1 26. Rxh1 Kg7 27. dxe5 dxe5 28. Kxe5 Nd3+ 29. Kd4 Nxb2 30. Rb1 Na4 31. Re1 Nc5 32. Re7 Rc8 33. d6 cxd6 34. Rxa7 Ne6+ 35. Kc3 Rb8 36. a4 Nc5 37. a5 bxa5 38. Ra6 Rb3+ 39. Kd4 Rd3# {White checkmated} 0-1

[Event "FICS rated blitz game"]
[Site "FICS freechess.org"]
[FICSGamesDBGameNo "20001507"]
[White "Vanplayer"]
[Black "HeavyHorse"]
[WhiteElo "1523"]
[BlackElo "1689"]
[WhiteRD "na"]
[BlackRD "na"]
[TimeControl "120+2"]
[Date "1999.08.29"]
[Time "14:08:00"]
[WhiteClock "0:02:00.000"]
[BlackClock "0:02:00.000"]
[ECO "A46"]
[PlyCount "102"]
[Result "0-1"]

1. d4 Nf6 2. Bf4 e6 3. Nf3 Bd6 4. Bxd6 cxd6 5. e3 O-O 6. Bd3 Qb6 7. Qc1 Nc6 8. c3 e5 9. Nbd2 exd4 10. exd4 Re8+ 11. Kf1 d5 12. h4 d6 13. h5 Bg4 14. h6 g6 15. Qc2 Re7 16. Rh4 Rae8 17. Re1 Bxf3 18. Nxf3 Ne4 19. Bxe4 dxe4 20. Rhxe4 Rxe4 21. Rxe4 Qd8 22. Qe2 Rxe4 23. Qxe4 Qe7 24. Qxe7 Nxe7 25. Nd2 d5 26. Nb3 b6 27. Nc1 Nf5 28. Nd3 Nxh6 29. Ne5 Nf5 30. Nc6 a6 31. Nb8 a5 32. Nd7 b5 33. a3 Nd6 34. b3 Ne4 35. Ne5 Nxc3 36. Nc6 a4 37. bxa4 bxa4 38. Nb4 Nb5 39. Nxd5 Nxa3 40. Nc7 Nc4 41. Nb5 a3 42. Nc3 Kf8 43. Ke2 Ke7 44. Kd3 Nb2+ 45. Kc2 Nc4 46. Kb3 Nd2+ 47. Kxa3 Ne4 48. f3 Nxc3 49. Kb4 Nd5+ 50. Kc4 Kd6 51. g3 Ne3+ {White resigns} 0-1

[Event "FICS rated blitz game"]
[Site "FICS freechess.org"]
[FICSGamesDBGameNo "20001506"]
[White "rosinante"]
[Black "Chermont"]
[WhiteElo "1903"]
[BlackElo "1789"]
[WhiteRD "na"]
[BlackRD "na"]
[TimeControl "180+0"]
[Date "1999.08.29"]
[Time "13:35:00"]
[WhiteClock "0:03:00.000"]
[BlackClock "0:03:00.000"]
[ECO "E65"]
[PlyCount "84"]
[Result "0-1"]

1. Nf3 Nf6 2. g3 d6 3. Bg2 g6 4. O-O Bg7 5. c4 O-O 6. Nc3 c5 7. d4 cxd4 8. Nxd4 a6 9. h3 Qc7 10. Nd5 Nxd5 11. cxd5 Nd7 12. Bg5 Ne5 13. Rc1 Qd8 14. Qc2 h6 15. Be3 Bd7 16. Qc7 Qxc7 17. Rxc7 Rfc8 18. Rfc1 Rxc7 19. Rxc7 Rc8 20. Rxb7 Ba4 21. b3 Be8 22. f4 Nd7 23. Nc6 Bf6 24. g4 Kg7 25. g5 hxg5 26. fxg5 Bb2 27. Be4 Ne5 28. Nxe7 Rc3 29. Bd4 Rc1+ 30. Kg2 Bxd4 31. Nc6 Nxc6 32. dxc6 Bxc6 33. Bxc6 Rxc6 34. Rd7 Be5 35. Kf3 Rc2 36. a4 Rc3+ 37. Ke4 Rxb3 38. Ra7 Rb4+ 39. Kd3 Rxa4 40. e4 Rd4+ 41. Ke3 Ra4 42. Kd3 Kf8 {White resigns} 0-1

[Event "FICS rated blitz game"]
[Site "FICS freechess.org"]
[FICSGamesDBGameNo "20001504"]
[White "SlowTrain"]
[Black "Rongley"]
[WhiteElo "1373"]
[BlackElo "1331"]
[WhiteRD "na"]
[BlackRD "na"]
[TimeControl "60+12"]
[Date "1999.08.29"]
[Time "13:32:00"]
[WhiteClock "0:01:00.000"]
[BlackClock "0:01:00.000"]
[ECO "A04"]
[PlyCount "66"]
[Result "1-0"]

1. Nf3 c5 2. c3 d6 3. d4 b6 4. Bf4 Bb7 5. e3 Nf6 6. Nbd2 Qc7 7. Bb5+ Nc6 8. Bxc6+ Bxc6 9. h3 O-O-O 10. O-O h6 11. Qc2 g5 12. Bh2 Rg8 13. Rad1 h5 14. dxc5 bxc5 15. Nc4 g4 16. hxg4 hxg4 17. Nfd2 Nh5 18. g3 Qb7 19. Qb3 Qa8 20. Qa3 Bh1 21. Nb6+ Kb7 22. Nxa8 Kxa8 23. Kxh1 f5 24. f4 gxf3 25. Rxf3 e5 26. Rg1 Ng7 27. Qb3 d5 28. Qc2 e4 29. Rf4 Bd6 30. Rh4 Be7 31. Rh7 Bd6 32. Qb3 Rb8 33. Qxd5+ Rb7 {Black resigns} 1-0

[Event "FICS rated lightning game"]
[Site "FICS freechess.org"]
[FICSGamesDBGameNo "20001503"]
[White "vipa"]
[Black "kingethree"]
[WhiteElo "1653"]
[BlackElo "1930"]
[WhiteRD "na"]
[BlackRD "na"]
[TimeControl "60+0"]
[Date "1999.08.29"]
[Time "12:46:00"]
[WhiteClock "0:01:00.000"]
[BlackClock "0:01:00.000"]
[ECO "A00"]
[PlyCount "88"]
[Result "1-0"]

1. e3 Nc6 2. d4 f5 3. Nc3 Nf6 4. Bb5 e6 5. Nf3 a6 6. Bxc6 dxc6 7. O-O Bb4 8. Bd2 Bxc3 9. Bxc3 O-O 10. Nd2 Ne4 11. Nxe4 fxe4 12. Qg4 Qd5 13. f3 Qf5 14. Qxf5 exf5 15. fxe4 fxe4 16. Rxf8+ Kxf8 17. Rf1+ Kg8 18. Rf4 Be6 19. b3 Bd5 20. Kf2 Re8 21. Ke2 g5 22. Rf5 h6 23. h4 Rf8 24. Rxf8+ Kxf8 25. hxg5 hxg5 26. Be1 Kf7 27. c4 Kg6 28. Bg3 Be6 29. Bxc7 Bg4+ 30. Kf2 Bf5 31. g3 Bd7 32. Bd6 g4 33. Be5 Kf5 34. Bf4 Ke6 35. Be5 Kf5 36. Bf4 Ke6 37. c5 Kf7 38. Bc7 Ke6 39. Bb8 Kd5 40. Bf4 a5 41. Be5 a4 42. bxa4 Kc4 43. Ke2 Be6 44. Bd6 Kb4 {Black forfeits on time} 1-0

[Event "FICS rated lightning game"]
[Site "FICS freechess.org"]
[FICSGamesDBGameNo "20001502"]
[White "SaPiLa"]
[Black "molina"]
[WhiteElo "1922"]
[BlackElo "1709"]
[WhiteRD "na"]
[BlackRD "na"]
[TimeControl "60+0"]
[Date "1999.08.29"]
[Time "11:48:00"]
[WhiteClock "0:01:00.000"]
[BlackClock "0:01:00.000"]
[ECO "C54"]
[PlyCount "55"]
[Result "1-0"]

1. e4 e5 2. Nf3 Nc6 3. Bc4 Bc5 4. c3 Nf6 5. d4 exd4 6. cxd4 Bb4+ 7. Nc3 O-O 8. O-O Bxc3 9. bxc3 Nxe4 10. Re1 d5 11. Bd3 Bg4 12. Bxe4 dxe4 13. Rxe4 Bxf3 14. Qxf3 Re8 15. Bf4 Rxe4 16. Qxe4 Qd7 17. Re1 Kf8 18. d5 Ne7 19. Qxh7 Ng8 20. Qe4 Re8 21. Qb4+ Ne7 22. Bg5 c5 23. dxc6 bxc6 24. Qh4 Kg8 25. Bxe7 f6 26. Qc4+ Kh8 27. Re4 Rxe7 28. Rh4# {Black checkmated} 1-0

[Event "FICS rated blitz game"]
[Site "FICS freechess.org"]
[FICSGamesDBGameNo "20001501"]
[White "BlueKasparov"]
[Black "svein"]
[WhiteElo "1319"]
[BlackElo "1177"]
[WhiteRD "na"]
[BlackRD "na"]
[TimeControl "120+12"]
[Date "1999.08.29"]
[Time "11:47:00"]
[WhiteClock "0:02:00.000"]
[BlackClock "0:02:00.000"]
[ECO "D02"]
[PlyCount "56"]
[Result "0-1"]

1. d4 d5 2. Nf3 Nc6 3. e3 e6 4. Bd3 Nf6 5. Nbd2 Bb4 6. c3 Bd6 7. O-O O-O 8. Re1 e5 9. dxe5 Bxe5 10. Nxe5 Nxe5 11. Bc2 c5 12. e4 dxe4 13. Nxe4 Qxd1 14. Nxf6+ gxf6 15. Rxd1 Bg4 16. Rd6 Kg7 17. Be3 Nc4 18. Bxc5 Nxd6 19. Bxd6 Rfe8 20. Bd3 Be2 21. Bc2 Rad8 22. Bc7 Rd2 23. Ba4 Re7 24. Bf4 Rxb2 25. Bd6 Re6 26. Bc5 Bc4 27. Bxa7 Rxa2 28. Rc1 Rxa4 {White resigns} 0-1

[Event "FICS rated blitz game"]
[Site "FICS freechess.org"]
[FICSGamesDBGameNo "20001500"]
[White "ChickDuck"]
[Black "Schelli"]
[WhiteElo "1145"]
[BlackElo "1459"]
[WhiteRD "na"]
[BlackRD "na"]
[TimeControl "300+0"]
[Date "1999.08.29"]
[Time "11:47:00"]
[WhiteClock "0:05:00.000"]
[BlackClock "0:05:00.000"]
[ECO "A01"]
[PlyCount "20"]
[Result "1/2-1/2"]

1. b3 d5 2. Bb2 Nc6 3. e3 e5 4. Bb5 Bd6 5. Nf3 e4 6. Nd4 Bd7 7. O-O Nf6 8. Nc3 Nxd4 9. Bxd7+ Qxd7 10. exd4 O-O {Game drawn by mutual agreement} 1/2-1/2

[Event "FICS rated lightning game"]
[Site "FICS freechess.org"]
[FICSGamesDBGameNo "20001499"]
[White "Ulisse"]
[Black "zos"]
[WhiteElo "1862"]
[BlackElo "1793"]
[WhiteRD "na"]
[BlackRD "na"]
[TimeControl "60+0"]
[Date "1999.08.29"]
[Time "08:59:00"]
[WhiteClock "0:01:00.000"]
[BlackClock "0:01:00.000"]
[ECO "A01"]
[PlyCount "68"]
[Result "0-1"]

1. b3 Nc6 2. Bb2 e5 3. Nf3 Nf6 4. e3 d6 5. Be2 Be7 6. O-O O-O 7. d3 Be6 8. Nbd2 a5 9. Ng5 Nd7 10. Nxe6 fxe6 11. Nf3 Qe8 12. e4 Qg6 13. c3 Rf7 14. Nd2 Raf8 15. Bh5 Qg5 16. Bxf7+ Rxf7 17. Kh1 Nf6 18. f3 Nh5 19. d4 Nf4 20. Rg1 Bf8 21. Nf1 Ne7 22. Bc1 Neg6 23. g3 Qh5 24. gxf4 exf4 25. Rg4 e5 26. d5 Be7 27. Bd2 h6 28. Be1 Nf8 29. Qe2 Nh7 30. Qg2 Nf6 31. Rh4 Qg5 32. Qxg5 hxg5 33. Rh3 g4 34. fxg4 Nxe4 {White forfeits on time} 0-1

[Event "FICS rated blitz game"]
[Site "FICS freechess.org"]
[FICSGamesDBGameNo "20001498"]
[White "coccodile"]
[Black "ComboKing"]
[WhiteElo "1559"]
[BlackElo "1633"]
[WhiteRD "na"]
[BlackRD "na"]
[TimeControl "300+0"]
[Date "1999.08.29"]
[Time "06:29:00"]
[WhiteClock "0:05:00.000"]
[BlackClock "0:05:00.000"]
[ECO "A13"]
[PlyCount "48"]
[Result "0-1"]

1. c4 e6 2. b3 Be7 3. Bb2 Nf6 4. e3 O-O 5. Bd3 c5 6. Bc2 d5 7. cxd5 exd5 8. Nf3 Nc6 9. a3 Bg4 10. h4 d4 11. Be4 Nxe4 12. Qc2 Bf5 13. d3 Nf6 14. e4 Bg4 15. Ng5 Bd6 16. f3 Bg3+ 17. Ke2 Bh5 18. Nd2 Qd6 19. Rh3 b6 20. Re1 Bxe1 21. Kxe1 Rae8 22. g4 Nxg4 23. fxg4 Bxg4 24. Rg3 Qxg3+ {White resigns} 0-1

[Event "FICS rated lightning game"]
[Site "FICS freechess.org"]
[FICSGamesDBGameNo "20001497"]
[White "Wedberg"]
[Black "Havdre"]
[WhiteElo "1935"]
[BlackElo "1827"]
[WhiteRD "na"]
[BlackRD "na"]
[TimeControl "120+0"]
[Date "1999.08.29"]
[Time "05:30:00"]
[WhiteClock "0:02:00.000"]
[BlackClock "0:02:00.000"]
[ECO "A30"]
[PlyCount "99"]
[Result "1-0"]

1. Nf3 c5 2. c4 Nc6 3. d4 cxd4 4. Nxd4 d6 5. Nc3 Bd7 6. g3 Nf6 7. Bg2 g6 8. O-O Bg7 9. b3 O-O 10. Bb2 Rc8 11. Rc1 Nxd4 12. Qxd4 Bc6 13. Bxc6 bxc6 14. Ne4 Nh5 15. Qd2 d5 16. Bxg7 Nxg7 17. cxd5 cxd5 18. Rxc8 Qxc8 19. Qxd5 e6 20. Qc4 Qxc4 21. Nf6+ Kh8 22. bxc4 Nf5 23. Rc1 Kg7 24. Ne4 Nd4 25. Kf1 Rc8 26. e3 Nc6 27. Ke2 f5 28. Nd2 Kf6 29. a3 Ke5 30. Kd3 Kd6 31. Nb3 Ne5+ 32. Kd4 Nf3+ 33. Kd3 Nxh2 34. c5+ Kc6 35. Nd4+ Kd7 36. Kc4 Ng4 37. Rc2 e5 38. Nb3 Nf6 39. Na5 Ne4 40. c6+ Kc7 41. Kd5 Kb6 42. Nc4+ Kc7 43. Nxe5 Rd8+ 44. Nd7 Nf6+ 45. Ke6 Ne4 46. Ne5 Re8+ 47. Kd5 Nf6+ 48. Kd4 Ne4 49. Nf7 Re7 50. Ne5 {Black forfeits on time} 1-0

[Event "FICS rated blitz game"]
[Site "FICS freechess.org"]
[FICSGamesDBGameNo "20001496"]
[White "Gendalf"]
[Black "sadhusixtyfour"]
[WhiteElo "1503"]
[BlackElo "1684"]
[WhiteRD "na"]
[BlackRD "na"]
[TimeControl "300+4"]
[Date "1999.08.29"]
[Time "02:49:00"]
[WhiteClock "0:05:00.000"]
[BlackClock "0:05:00.000"]
[ECO "B70"]
[PlyCount "30"]
[Result "0-1"]

1. e4 c5 2. Nf3 d6 3. d4 cxd4 4. Nxd4 Nf6 5. Nc3 g6 6. Bd3 Bg7 7. Nb3 Nc6 8. a3 O-O 9. O-O Bd7 10. Re1 Rc8 11. Bd2 Ne5 12. f4 Nc4 13. Bxc4 Rxc4 14. e5 dxe5 15. fxe5 Ng4 {White forfeits on time} 0-1

[Event "FICS rated blitz game"]
[Site "FICS freechess.org"]
[FICSGamesDBGameNo "20001495"]
[White "jeismann"]
[Black "Vanplayer"]
[WhiteElo "1578"]
[BlackElo "1551"]
[WhiteRD "na"]
[BlackRD "na"]
[TimeControl "180+5"]
[Date "1999.08.28"]
[Time "19:18:00"]
[WhiteClock "0:03:00.000"]
[BlackClock "0:03:00.000"]
[ECO "B03"]
[PlyCount "49"]
[Result "1-0"]

1. e4 Nf6 2. e5 Nd5 3. c4 Nb6 4. d4 d6 5. f4 dxe5 6. fxe5 Bf5 7. a3 Nc6 8. Be3 e6 9. Nf3 Be7 10. Be2 O-O 11. O-O f6 12. Nc3 fxe5 13. dxe5 Qxd1 14. Raxd1 Rad8 15. Nb5 Rxd1 16. Rxd1 Bd8 17. Nbd4 Nxd4 18. Nxd4 c6 19. Nxf5 Rxf5 20. Rxd8+ Kf7 21. Rd1 Rxe5 22. Bxb6 axb6 23. Bf3 g5 24. Rd7+ Kg6 25. Rxb7 {Black resigns} 1-0

[Event "FICS rated blitz game"]
[Site "FICS freechess.org"]
[FICSGamesDBGameNo "20001494"]
[White "Cleavage"]
[Black "TOT"]
[WhiteElo "1621"]
[BlackElo "1790"]
[WhiteRD "na"]
[BlackRD "na"]
[TimeControl "300+0"]
[Date "1999.08.28"]
[Time "18:57:00"]
[WhiteClock "0:05:00.000"]
[BlackClock "0:05:00.000"]
[ECO "D87"]
[PlyCount "63"]
[Result "0-1"]

1. d4 Nf6 2. c4 g6 3. Nc3 d5 4. cxd5 Nxd5 5. e4 Nxc3 6. bxc3 Bg7 7. Bc4 O-O 8. Ne2 c5 9. O-O Nc6 10. Be3 e6 11. Rb1 Qc7 12. d5 Ne5 13. Bb3 exd5 14. exd5 Bf5 15. Bc2 Bxc2 16. Qxc2 c4 17. Nd4 Nd3 18. Nb5 Qd7 19. Nxa7 Qxd5 20. Rb5 Qd7 21. Rd1 Rxa7 22. Bxa7 Qxb5 23. Rb1 Qf5 24. Rxb7 Qg4 25. a4 Ne1 26. f3 Nxf3+ 27. Kh1 Ne1 28. Qf2 Nd3 29. Qf1 Bxc3 30. a5 Qe4 31. Rb1 Bxa5 32. Bc5 {White resigns} 0-1

[Event "FICS rated standard game"]
[Site "FICS freechess.org"]
[FICSGamesDBGameNo "20001492"]
[White "LittleGame"]
[Black "Raiz"]
[WhiteElo "1800"]
[BlackElo "1920"]
[WhiteRD "na"]
[BlackRD "na"]
[TimeControl "600+10"]
[Date "1999.08.28"]
[Time "15:29:00"]
[WhiteClock "0:10:00.000"]
[BlackClock "0:10:00.000"]
[ECO "B12"]
[PlyCount "74"]
[Result "0-1"]

1. e4 c6 2. d4 d5 3. e5 Bf5 4. Bd3 Bxd3 5. cxd3 e6 6. Nc3 Nd7 7. Nf3 Ne7 8. Bg5 h6 9. Bh4 Qc7 10. Rc1 a6 11. O-O Nf5 12. Bg3 Be7 13. h3 O-O 14. Bh2 Qb6 15. Na4 Qb4 16. a3 Qa5 17. b4 Qd8 18. Nc5 Nxc5 19. dxc5 a5 20. g4 Nh4 21. Nd4 Qd7 22. f4 axb4 23. axb4 f5 24. gxf5 Nxf5 25. Nxf5 Rxf5 26. d4 Ra3 27. Rf3 Rxf3 28. Qxf3 b6 29. Ra1 Qb7 30. Qg4 bxc5 31. bxc5 Bf8 32. Qd1 g6 33. Rb1 Qa8 34. Rb6 Rf7 35. Qb1 Ra7 36. Qxg6+ Rg7 37. Qxg7+ Kxg7 {White resigns} 0-1

[Event "FICS rated blitz game"]
[Site "FICS freechess.org"]
[FICSGamesDBGameNo "20001491"]
[White "Chermont"]
[Black "rochade"]
[WhiteElo "1820"]
[BlackElo "1783"]
[WhiteRD "na"]
[BlackRD "na"]
[TimeControl "180+0"]
[Date "1999.08.28"]
[Time "09:56:00"]
[WhiteClock "0:03:00.000"]
[BlackClock "0:03:00.000"]
[ECO "E67"]
[PlyCount "53"]
[Result "1-0"]

1. d4 Nf6 2. c4 g6 3. g3 Bg7 4. Bg2 O-O 5. Nf3 d6 6. O-O Nbd7 7. Nc3 c6 8. e4 e5 9. dxe5 dxe5 10. h3 h6 11. Be3 Qe7 12. Qc1 Kh7 13. Nh4 a5 14. f4 exf4 15. gxf4 Nxe4 16. Nxg6 fxg6 17. Nxe4 Nf6 18. Bc5 Qf7 19. Nxf6+ Bxf6 20. Bxf8 Qxf8 21. Be4 Bd4+ 22. Kg2 Qc5 23. Qc2 Bxh3+ 24. Kxh3 Qh5+ 25. Kg2 Qg4+ 26. Kh1 Rf8 27. Qh2 {Black resigns} 1-0

[Event "FICS rated blitz game"]
[Site "FICS freechess.org"]
[FICSGamesDBGameNo "20001490"]
[White "gengis"]
[Black "jadc"]
[WhiteElo "1627"]
[BlackElo "1710"]
[WhiteRD "na"]
[BlackRD "na"]
[TimeControl "300+0"]
[Date "1999.08.28"]
[Time "09:12:00"]
[WhiteClock "0:05:00.000"]
[BlackClock "0:05:00.000"]
[ECO "B17"]
[PlyCount "60"]
[Result "0-1"]

1. e4 c6 2. d4 d5 3. Nc3 dxe4 4. Nxe4 Nd7 5. Bd3 Ngf6 6. Nxf6+ Nxf6 7. c3 Bg4 8. f3 Bh5 9. Bg5 e6 10. Ne2 Be7 11. Nf4 Bg6 12. Nxg6 hxg6 13. Qc2 Nd5 14. Bxe7 Qxe7 15. O-O-O Ne3 16. Qe2 Nxd1 17. Kxd1 O-O-O 18. Kc2 Qc7 19. h3 Qa5 20. Kb1 Rhe8 21. Rd1 e5 22. Re1 exd4 23. Qxe8 Rxe8 24. Rxe8+ Kd7 25. Re2 dxc3 26. bxc3 Qxc3 27. Bc2 c5 28. Re4 b5 29. Rf4 Qe1+ 30. Kb2 Qe5+ {White resigns} 0-1

[Event "FICS rated lightning game"]
[Site "FICS freechess.org"]
[FICSGamesDBGameNo "20001489"]
[White "Monti"]
[Black "panSerge"]
[WhiteElo "1657"]
[BlackElo "1831"]
[WhiteRD "na"]
[BlackRD "na"]
[TimeControl "60+0"]
[Date "1999.08.28"]
[Time "02:04:00"]
[WhiteClock "0:01:00.000"]
[BlackClock "0:01:00.000"]
[ECO "A01"]
[PlyCount "106"]
[Result "0-1"]

1. b3 d5 2. f4 e6 3. Nf3 Qf6 4. Nc3 c5 5. Bb2 Nc6 6. Na4 Qe7 7. e3 Nf6 8. d3 b6 9. Ne5 Nxe5 10. fxe5 Nd7 11. Be2 g6 12. O-O Bg7 13. Qe1 Bxe5 14. Bxe5 Nxe5 15. Qf2 O-O 16. Nc3 Nc6 17. Bf3 Bb7 18. Ne2 Nd8 19. Ng3 e5 20. e4 d4 21. Bg4 Bc8 22. Bxc8 Rxc8 23. Qe2 Ne6 24. Rf3 Nf4 25. Qd2 f6 26. Raf1 Rf7 27. Nh1 Rcf8 28. g3 Ne6 29. Nf2 Kg7 30. Nh3 h6 31. Kh1 Ng5 32. Nxg5 fxg5 33. Rxf7+ Rxf7 34. Rxf7+ Qxf7 35. Qe2 h5 36. Kg2 g4 37. h3 gxh3+ 38. Kxh3 Qe6+ 39. Kg2 Qf6 40. Qf3 Qxf3+ 41. Kxf3 Kf6 42. a4 Kg5 43. a5 bxa5 44. Kf2 Kg4 45. Kg2 g5 46. Kf2 h4 47. gxh4 gxh4 48. b4 h3 49. Kg1 axb4 50. Kh1 a5 51. c3 a4 52. Kg1 Kg3 53. c4 a3 {White forfeits on time} 0-1

[Event "FICS rated blitz game"]
[Site "FICS freechess.org"]
[FICSGamesDBGameNo "20001487"]
[White "alms"]
[Black "Qsupov"]
[WhiteElo "1832"]
[BlackElo "1665"]
[WhiteRD "na"]
[BlackRD "na"]
[TimeControl "180+3"]
[Date "1999.08.28"]
[Time "00:42:00"]
[WhiteClock "0:03:00.000"]
[BlackClock "0:03:00.000"]
[ECO "B42"]
[PlyCount "94"]
[Result "0-1"]

1. e4 c5 2. Nf3 e6 3. d4 cxd4 4. Nxd4 a6 5. Bd3 Qc7 6. O-O Nc6 7. Nb3 b5 8. Be3 Bb7 9. N1d2 d6 10. f4 Be7 11. Nf3 Rc8 12. c3 Nf6 13. Qe2 O-O 14. Rac1 d5 15. e5 Nd7 16. Nbd4 Nc5 17. Bb1 Qd7 18. Nxc6 Qxc6 19. Nd4 Qc7 20. Rf3 Ne4 21. Bxe4 dxe4 22. Rh3 g6 23. g4 f5 24. Nxe6 Qa5 25. Nxf8 Rxf8 26. gxf5 Rxf5 27. a3 Qc7 28. Rg3 Bd5 29. Qd2 Bc4 30. Rg2 Bd3 31. Kf2 Bh4+ 32. Kg1 Qc4 33. Bf2 Be7 34. Qe3 Qb3 35. Bg3 Qd5 36. Qd4 Bc5 37. Qxc5 Qxc5+ 38. Bf2 e3 39. Bg3 e2+ 40. Bf2 Qd5 41. Bg3 Qe4 42. Re1 Qe3+ 43. Rf2 Qd2 44. Rf3 Bc4 45. Kf2 Qxb2 46. Re3 Qxa3 47. e6 Qe7 {White resigns} 0-1

[Event "FICS rated blitz game"]
[Site "FICS freechess.org"]
[FICSGamesDBGameNo "20001486"]
[White "nakita"]
[Black "NICKOLOFF"]
[WhiteElo "1582"]
[BlackElo "1582"]
[WhiteRD "na"]
[BlackRD "na"]
[TimeControl "300+0"]
[Date "1999.08.27"]
[Time "17:35:00"]
[WhiteClock "0:05:00.000"]
[BlackClock "0:05:00.000"]
[ECO "C54"]
[PlyCount "66"]
[Result "0-1"]

1. e4 e5 2. Nf3 Nc6 3. Bc4 Nf6 4. d3 Bc5 5. O-O d6 6. c3 h6 7. d4 exd4 8. cxd4 Bb6 9. Nc3 Bg4 10. Be3 Qd7 11. h3 Bxf3 12. Qxf3 Bxd4 13. Bxd4 Nxd4 14. Qe3 Nc2 15. Qe2 Nxa1 16. e5 dxe5 17. Qxe5+ Qe7 18. Qb5+ c6 19. Qf5 O-O 20. Rxa1 Rfe8 21. Rd1 Rad8 22. Rxd8 Qe1+ 23. Kh2 Rxd8 24. Qf4 Nd5 25. Nxd5 cxd5 26. Qc7 Re8 27. Bxd5 Qxf2 28. Bxb7 g6 29. Bd5 Re1 30. Qc8+ Kg7 31. Qc3+ Kh7 32. Bxf7 Qg1+ 33. Kg3 Re3+ {White resigns} 0-1

[Event "FICS rated blitz game"]
[Site "FICS freechess.org"]
[FICSGamesDBGameNo "20001485"]
[White "redivan"]
[Black "mgoody"]
[WhiteElo "1701"]
[BlackElo "1741"]
[WhiteRD "na"]
[BlackRD "na"]
[TimeControl "120+12"]
[Date "1999.08.27"]
[Time "17:14:00"]
[WhiteClock "0:02:00.000"]
[BlackClock "0:02:00.000"]
[ECO "B03"]
[PlyCount "123"]
[Result "1-0"]

1. e4 Nf6 2. e5 Nd5 3. d4 d6 4. Bc4 Nb6 5. Bb3 e6 6. Qe2 dxe5 7. dxe5 Nc6 8. Nf3 Be7 9. Nc3 O-O 10. Bd2 Re8 11. O-O-O Bd7 12. Ne4 a6 13. Bg5 Bxg5+ 14. Nfxg5 Qe7 15. f4 h6 16. h4 hxg5 17. hxg5 Qb4 18. Nf6+ Kf8 19. Nxd7+ Ke7 20. Nxb6 Qxf4+ 21. Qd2 Qxd2+ 22. Rxd2 cxb6 23. Rh7 Nxe5 24. Rxg7 Rh8 25. g6 Nxg6 26. Rf2 Ne5 27. Re2 Rad8 28. c3 Rh1+ 29. Kc2 Kf6 30. Rg3 Rhd1 31. Rge3 Ng4 32. Rf3+ Kg5 33. Bc4 R1d7 34. Rg3 Kf5 35. Bd3+ Kf4 36. Rf3+ Kg5 37. Rg3 Rd6 38. Be4 f5 39. Bxb7 f4 40. Rh3 Ne3+ 41. Kb3 b5 42. Bf3 Rc8 43. g3 e5 44. Rh5+ Kf6 45. gxf4 exf4 46. Rh4 Rc4 47. Rh6+ Ke7 48. Rxd6 Kxd6 49. Rd2+ Ke5 50. Rd8 a5 51. Re8+ Kf5 52. Rf8+ Ke6 53. a3 Ke7 54. Rb8 a4+ 55. Ka2 Kd7 56. Rxb5 Kd6 57. Rb4 Kc5 58. Rb8 Kd6 59. b3 axb3+ 60. Kxb3 Kc5 61. Rc8+ Kb5 62. Be2 {Black forfeits on time} 1-0

[Event "FICS rated blitz game"]
[Site "FICS freechess.org"]
[FICSGamesDBGameNo "20001484"]
[White "sofus"]
[Black "Ulpian"]
[WhiteElo "1770"]
[BlackElo "1750"]
[WhiteRD "na"]
[BlackRD "na"]
[TimeControl "180+0"]
[Date "1999.08.27"]
[Time "17:09:00"]
[WhiteClock "0:03:00.000"]
[BlackClock "0:03:00.000"]
[ECO "B12"]
[PlyCount "78"]
[Result "0-1"]

1. e4 c6 2. d4 d5 3. e5 Bf5 4. h4 h5 5. c4 e6 6. Nc3 Nd7 7. Bd3 Bxd3 8. Qxd3 dxc4 9. Qxc4 Nb6 10. Qd3 Ne7 11. Bg5 Qd7 12. Nf3 Nf5 13. O-O-O Be7 14. Bxe7 Qxe7 15. Kb1 O-O-O 16. Qe4 Kb8 17. g4 hxg4 18. Qxg4 Qb4 19. a3 Qb3 20. Nd2 Rxd4 21. Qxd4 Nxd4 22. Nxb3 Nxb3 23. Ne4 Nd5 24. Ka2 Na5 25. Nd6 Rf8 26. Rc1 Kc7 27. h5 b6 28. h6 gxh6 29. Rxh6 Nb7 30. Nc4 Kd7 31. Rh7 Ke7 32. Nd2 c5 33. Ne4 Rg8 34. Rf1 Rg2 35. f4 Re2 36. Ng5 Ne3 37. Rxf7+ Ke8 38. Rc1 Nd8 39. Rxa7 Rf2 {White forfeits on time} 0-1